 Dungeon Crawl Stone Soup version 0.30-a0-458-g86641cc369 (webtiles) character file.

Game seed: 16514520507461235078

144 jlumianski the Trooper (level 5, -3/41 HPs)
             Began as a Demonspawn Fighter on Dec 15, 2022.
             Killed by divine providence
             ... invoked by an orc priest
              (10 damage)
             ... on level 4 of the Dungeon.
             The game lasted 00:09:57 (1650 turns).

jlumianski the Trooper (Demonspawn Fighter)         Turns: 1650, Time: 00:09:58

Health: -3/41      AC:  9    Str: 19    XL:     5   Next: 5%
Magic:  5/5        EV:  9    Int:  9    God:
Gold:   153        SH:  8    Dex: 12    Spells: 4/4 levels left

rFire   . . .      SeeInvis .    a - +0 war axe
rCold   . . .      Faith    .    c - +0 buckler
rNeg    . . .      Spirit   .    b - +0 scale mail
rPois   .          Reflect  .    (no helmet)
rElec   .          Harm     +    p - scarf {harm}
rCorr   .          Rampage  .    o - +0 pair of gloves
Will    .....                    g - +0 pair of boots
Stlth   ..........               (no amulet)
HPRegen 0.26/turn                (no ring)
MPRegen 0.09/turn                (no ring)

@: no status effects
A: large bone plates 1, spiny 1
a: no special abilities


You were on level 4 of the Dungeon.
You visited 1 branch of the dungeon, and saw 4 of its levels.

You collected 153 gold pieces.

Inventory:

Hand Weapons
 a - a +0 war axe (weapon)
 h - a +2 antimagic sling
Missiles
 f - 6 silver boomerangs (quivered)
 j - 55 stones
 w - 4 poisoned darts
Armour
 b - a +0 scale mail (worn)
 c - a +0 buckler (worn)
 g - a +0 pair of boots (worn)
 o - a +0 pair of gloves (worn)
 p - a scarf of harm (worn)
Wands
 m - a wand of polymorph (8)
 s - a wand of light (8)
Scrolls
 k - 3 scrolls of teleportation
 l - a scroll of fear
 n - a scroll of torment {unknown}
 u - a scroll of acquirement {unknown}
Potions
 d - a potion of might
 e - a potion of haste
 i - a potion of attraction
 r - 2 potions of lignification {unknown}
 t - 2 potions of heal wounds {unknown}
 v - a potion of mutation {unknown}


   Skills:
 + Level 3.6 Fighting
 + Level 3.0 Axes
 + Level 3.3 Armour
 + Level 0.4 Dodging
 + Level 3.5 Shields


You had 4 spell levels left.
You didn't know any spells.
Your spell library contained the following spells:

 Spells                   Type           Power      Damage    Failure   Level
 Freeze                   Ice            0%         1d3       85%         1
 Frozen Ramparts          Ice            0%         1d1       99%         3
 Hailstorm                Conj/Ice       0%         3d3       99%         3


Dungeon Overview and Level Annotations

Branches:
Dungeon (4/15)
 Temple: D:4-7

Altars:


Innate Abilities, Weirdness & Mutations

You are partially covered in large bone plates. (SH +4)
You are partially covered in sharp spines.


Message History

You barely miss the orc.
The orc is lightly wounded.
The orc hits you but does no damage. The orc closely misses you.
You closely miss the orc.
The orc is lightly wounded.
The orc closely misses you.
You barely miss the orc. You block the orc's attack.
You hit the orc.
The orc is moderately wounded.
The orc hits you but does no damage. You block the orc's attack.
You slash the orc!
You kill the orc!
Your Axes skill increases to level 3!
Things that are here:
a +0 short sword; a +0 ring mail
There is a stone staircase leading down here.
You climb downwards.
The orc hits you with a +0 flail. The orc is struck by your spines.
The orc hits you with a +0 flail.
The orc priest calls down the wrath of Beogh upon you.
Beogh smites you!
There is a stone staircase leading up, spattered with blood here.
You block the orc's attack.
You climb upwards.
There is a stone staircase leading down here.
The orc is struck by your spines.
You kill the orc!
Things that are here:
a +0 flail; a +0 leather armour
Things that are here:
a +0 ring mail; a +0 short sword
There is a stone staircase leading down here.
You climb downwards.
There is a stone staircase leading up, spattered with blood here.
The orc priest invokes the aid of Beogh against you.
Beogh smites you!
* * * LOW HITPOINT WARNING * * *
You feel better.
The orc priest mumbles some strange prayers to Beogh against you.
Beogh smites you!
You die...

#. ..# .###..
.#..# ...# ..#
#.#
#.#####.#####..#
#...<.@..o.....#
######.####.##.#
#.# ..# #.## #.
#. #.


You could see an orc priest.

Vanquished Creatures
  A hound (D:4)
  An adder (D:2)
  4 gnolls (D:2)
  A dart slug (D:1)
  11 orcs (D:3)
  8 ball pythons
  7 endoplasms
  5 giant cockroaches
  4 goblins
  3 kobolds
  3 bats
  3 frilled lizards
  3 rats
54 creatures vanquished.

Notes
Turn   | Place    | Note
-------+----------+-------------------------------------------
     0 | D:1      | jlumianski the Demonspawn Fighter began the quest for the
                  | Orb.
     0 | D:1      | Reached XP level 1. HP: 18/18 MP: 1/1
   100 | D:1      | Gained mutation: You are partially covered in large bone
                  | plates. (SH +4) [demonic ancestry]
   100 | D:1      | Reached XP level 2. HP: 24/24 MP: 2/2
   485 | D:1      | Reached XP level 3. HP: 23/29 MP: 3/3
  1060 | D:3      | Found a faded altar of an unknown god.
  1079 | D:2      | Gained mutation: You are partially covered in sharp spines.
                  | [demonic ancestry]
  1079 | D:2      | Reached XP level 4. HP: 23/35 MP: 4/4
  1498 | D:3      | Reached XP level 5. HP: 35/41 MP: 5/5
  1607 | D:3      | Identified the +1 leather armour of Words of Power {rElec}
  1648 | D:4      | HP: 1/41 [orc priest/divine providence (19)]
  1650 | D:4      | Killed from afar by an orc priest

Illustrated notes

Levels and vault maps discovered:
D:1:      scummos_arrival_simple_fountains, layout_rooms, minmay_vboxes
D:2:      layout_rooms, minmay_misc_feat_diagonals
D:3:      layout_loops_ring, serial_rivers, chequers_serial_rivers_room_b,
          chequers_serial_rivers_micro_c, chequers_serial_rivers_micro_b,
          chequers_serial_rivers_micro_d, chequers_serial_rivers_micro_c,
          nicolae_ecumenical_pavilion, kennysheep_cross_room,
          wander_ebering_terrifying_dragon_lair
D:4:      layout_loops_ring, mainiacjoe_overflow_paths, uniq_grinder

Skill      XL: |  1  2  3  4  5 |
---------------+----------------+-----
Axes           | 2 3 |  3.0
Shields        | 3 |  3.5
Armour         | 3 |  3.3
Fighting       | |  3.6
Dodging        | |  0.4

Action                   |  1- 3 |  4- 6 || total
-------------------------+-------+-------++-------
Melee: War axe           |    73 |    48 ||   121
  Use: Scroll            |     6 |       ||     6
       Potion            |       |     1 ||     1
Armor: Scale mail        |    45 |    17 ||    62
Dodge: Dodged            |    33 |    21 ||    54
Block: Buckler           |    37 |    23 ||    60

Table legend: (Time is in decaauts)
 A = Elapsed time spent in this place.
 B = Non-inter-level travel time spent in this place.
 C = Inter-level travel time spent in this place.
 D = Time resting spent in this place.
 E = Time spent auto-exploring this place.
 F = Levels seen in this place.
 G = Mean time per level.
                   A        B        C        D        E       F      G
               +--------+--------+--------+--------+--------+-----+--------+
         Total |   1711 |   1666 |     45 |     48 |    665 |   4 |  427.8 |
       Dungeon |   1711 |   1666 |     45 |     48 |    665 |   4 |  427.8 |
               +--------+--------+--------+--------+--------+-----+--------+

Top non-repeatable levels by time:
     D:2: 586 daAuts
     D:1: 579 daAuts
     D:3: 493 daAuts
     D:4: 51 daAuts
